Map: Catalyst LE

Players

Optimus - Winner!

  • Race: Terran Terran
  • Spawn Location: 5:00

Light

  • Race: Protoss Protoss
  • Spawn Location: 11:00

Event: WCS Leipzig 2018

VOD

Have the link to the VOD?

Description

Time

  • Played on: Jan. 26, 2018, 6:17 a.m.
  • Length: 9:51

All games in this series

Show
View Real Time Build Order
Export as new Build Order

Optimus Terran - Winner!

Build Orders: Gas First Reaper Expand, Liberator Opening, Reaper Expand, MMM Bio 

Get SALT Encoding   

  12  0:00  SCV  
  13  0:12  SCV  
  14  0:17  Supply Depot  
  14  0:25  SCV  
  15  0:28  Refinery  
  15  0:39  SCV  
  16  0:44  Barracks  
  16  0:51  SCV  
  17  1:03  SCV  
  18  1:15  SCV  
  19  1:33  Orbital Command, Reaper  
  20  1:47  Command Center  
  20  1:56  Factory  
  20  2:00  SCV  
  21  2:06  Barracks Reactor  
  21  2:12  SCV  
  22  2:16  Supply Depot  
  22  2:21  Refinery  
  22  2:24  SCV  
  23  2:37  SCV  
  23  2:43  Marine x2  
  26  2:44  Starport  
  26  2:50  Widow Mine  
  26  2:51  SCV  
  29  3:01  Marine x2  
  29  3:03  SCV  
  29  3:04  Orbital Command  
  32  3:12  Widow Mine  
  33  3:15  SCV  
  33  3:19  Marine x2  
  36  3:20  Medivac  
  38  3:29  SCV  
  38  3:30  SCV  
  38  3:33  Widow Mine  
  42  3:35  Supply Depot  
  42  3:37  Marine  
  42  3:38  Marine  
  42  3:39  Liberator  
  45  3:41  SCV  
  45  3:46  SCV, Supply Depot  
  46  3:56  SCV, Factory Tech Lab  
  46  3:59  SCV  
  51  4:04  Barracks Tech Lab  
  51  4:08  SCV  
  52  4:12  Barracks  
  52  4:15  SCV, Barracks  
  53  4:21  Siege Tank  
  56  4:25  Engineering Bay  
  56  4:26  SCV  
  56  4:27  SCV  
  56  4:30  Marine  
  59  4:36  Stimpack  
  59  4:40  SCV x2  
  61  4:47  Marine  
  61  4:49  Refinery x2  
  61  4:51  Missile Turret  
  62  4:54  Terran Infantry Weapons Level 1  
  62  4:57  Supply Depot  
  62  5:03  Starport Reactor  
  62  5:07  Supply Depot  
  62  5:18  SCV, Marine x2  
  62  5:19  SCV, Factory Reactor, Marauder x2  
  70  5:24  Supply Depot  
  70  5:27  Combat Shields  
  70  5:31  SCV x2  
  72  5:36  Supply Depot  
  72  5:37  Marine x2  
  72  5:42  Marauder  
  76  5:43  Marauder  
  76  5:46  SCV x2  
  76  5:48  Medivac  
  76  5:49  Medivac  
  84  5:55  Supply Depot  
  84  5:58  SCV  
  84  6:00  Marine x2  
  84  6:03  Marauder  
  89  6:04  Marauder  
  91  6:14  Command Center  
  91  6:17  Widow Mine  
  91  6:18  Widow Mine  
  95  6:20  Marine x2  
  99  6:25  Marauder  
  99  6:26  Marauder  
  99  6:29  Supply Depot  
  101  6:34  Supply Depot  
  101  6:35  SCV  
  101  6:37  SCV  
  101  6:39  Concussive Shells  
  101  6:47  Marine  
  101  6:50  Marine  
  101  6:51  SCV x2, Marauder x2  
  106  6:56  Terran Infantry Armor Level 1  
  105  7:06  Widow Mine x2, Barracks x2  
  109  7:13  Medivac x2  
  113  7:19  Marine x2  
  113  7:21  Marauder x2  
  113  7:26  Supply Depot, Orbital Command  
  113  7:28  SCV  
  115  7:32  Widow Mine x2  
  118  7:43  Medivac x2  
  123  7:48  Marauder x2  
  126  7:52  Marine x2  
  128  8:01  Barracks Tech Lab, Barracks Reactor  
  128  8:02  Widow Mine x2  
  128  8:05  Liberator x2, Armory  
  132  8:07  Engineering Bay  
  132  8:12  Marine  
  132  8:13  Marine  
  132  8:14  Marauder  
  132  8:16  Marauder  
  119  8:26  Marauder  
  119  8:44  Marine  
  119  8:45  Marauder x2, Marine  
  119  8:46  Widow Mine x2, Marine x2  
  119  8:48  Marauder  
  121  8:58  Refinery  
  121  9:02  Marine x2  
  121  9:06  Marauder x2  
  121  9:07  Marine  
  121  9:08  Marine  
  121  9:17  Marauder  
  121  9:20  Marine x2  
  123  9:27  Marauder x2  
  123  9:30  Widow Mine x2  
Show
View Real Time Build Order
Export as new Build Order

Light Protoss 

Build Orders: 1 Gate Expand, Colossus Rush 

Get SALT Encoding   

  12  0:00  Probe  
  13  0:13  Probe  
  14  0:17  Pylon  
  14  0:25  Probe (Chrono Boost)  
  15  0:37  Probe (Chrono Boost)  
  15  0:38  Gateway  
  16  0:44  Assimilator  
  16  0:46  Probe (Chrono Boost)  
  17  0:57  Probe  
  18  1:09  Probe  
  19  1:21  Probe  
  20  1:29  Nexus  
  20  1:33  Probe  
  21  1:44  Cybernetics Core  
  21  1:46  Probe  
  22  1:54  Pylon  
  22  1:58  Assimilator  
  22  2:01  Probe (Chrono Boost)  
  23  2:13  Probe (Chrono Boost)  
  24  2:17  Stalker (Chrono Boost)  
  24  2:21  Probe (Chrono Boost)  
  27  2:23  Warp Gate  
  27  2:28  Probe  
  28  2:35  Robotics Facility  
  28  2:40  Probe  
  28  2:42  Probe  
  30  2:50  Stalker  
  32  2:53  Probe  
  33  3:12  Probe (Chrono Boost)  
  35  3:16  Probe (Chrono Boost)  
  35  3:20  Stalker  
  35  3:23  Probe (Chrono Boost), Observer (Chrono Boost)  
  35  3:26  Probe (Chrono Boost)  
  40  3:27  Probe (Chrono Boost)  
  40  3:30  Twilight Council  
  41  3:36  Probe, Pylon  
  41  3:38  Observer (Chrono Boost), Probe  
  44  3:44  Pylon  
  44  3:48  Probe  
  45  3:50  Probe  
  45  3:54  Stalker  
  48  3:57  Assimilator  
  48  4:00  Probe  
  48  4:02  Probe  
  50  4:03  Gateway  
  50  4:07  Gateway  
  50  4:11  Blink (Chrono Boost)  
  50  4:12  Probe  
  50  4:14  Probe, Assimilator  
  50  4:16  Observer  
  52  4:22  Pylon  
  52  4:27  Probe x2  
  54  4:31  Pylon  
  54  4:39  Probe (Chrono Boost)  
  54  4:41  Probe (Chrono Boost)  
  54  4:42  Stalker  
  46  4:52  Probe (Chrono Boost), Observer  
  49  4:57  Probe (Chrono Boost)  
  49  4:59  Probe (Chrono Boost)  
  50  5:03  Probe  
  50  5:06  Probe, Robotics Bay  
  52  5:12  Stalker  
  54  5:16  Probe  
  54  5:18  Probe  
  56  5:25  Stalker  
  56  5:28  Probe  
  59  5:31  Probe  
  60  5:38  Stalker  
  60  5:40  Probe  
  63  5:43  Probe  
  63  5:48  Nexus  
  64  5:53  Colossus (Chrono Boost)  
  64  6:01  Pylon  
  64  6:03  Probe  
  71  6:08  Extended Thermal Lance  
  71  6:15  Stalker  
  73  6:19  Stalker  
  73  6:23  Stalker  
  77  6:31  Gateway  
  77  6:38  Colossus (Chrono Boost)  
  77  6:45  Adept  
  85  6:53  Pylon  
  83  6:55  Pylon  
  83  7:01  Stalker x2  
  85  7:10  Pylon  
  85  7:12  Gateway  
  85  7:14  Pylon  
  81  7:19  Probe  
  81  7:20  Probe, Charge (Chrono Boost)  
  82  7:31  Probe  
  82  7:33  Probe  
  84  7:42  Nexus  
  84  7:43  Probe  
  85  7:46  Sentry x3  
  85  7:47  Probe  
  92  7:58  Colossus (Chrono Boost)  
  98  8:06  Probe  
  98  8:07  Pylon  
  98  8:11  Pylon  
  99  8:25  Stalker x4  
  106  8:37  Zealot  
  106  8:47  Colossus (Chrono Boost)  
  92  8:51  Stalker x2  
  92  8:52  Sentry  
  92  8:55  Probe x3  
  107  9:07  Probe x2  
  107  9:08  Probe  
  110  9:19  Zealot x5  
  93  9:41  Zealot x3  
  93  9:42  Zealot x2  
Tags
 
Add a new tag
Caveats
  • Supply blocks, unpowered buildings, or Contaminate may cause inaccurate times.
  • Supply counts are checked every 10 seconds.